 Dungeon Crawl Stone Soup version 0.27.1-33-g824d729ab1 (webtiles) character file.

Game seed: 5815414742982252585

72912 sking99 the Brawler (level 15, -4/137 (158) HPs)
             Began as a Troll Monk on Dec 9, 2021.
             Was the Champion of Ru.
             Slain by an orc warlord (63 damage)
             ... on level 1 of the Orcish Mines.
             The game lasted 00:41:34 (16047 turns).

sking99 the Brawler (Troll Monk)                   Turns: 16047, Time: 00:41:35

HP:   -4/137 (158)  AC: 11    Str: 28    XL:     15   Next: 2%
MP:   14/14         EV:  9    Int:  6    God:    Ru [******]
Gold: 1359          SH: 13    Dex: 10    Spells: 8/14 levels left

rFire    . . .     SeeInvis .     - Unarmed
rCold    . . .     Faith    .   v - +2 kite shield
rNeg     . . .     Spirit   .   y - +2 robe of Vines {NoPotionHeal Regen+++}
rPois    +         Reflect  .   (helmet restricted)
rElec    .         Harm     .   x - +0 cloak
rCorr    .         Rampage  .   (gloves unavailable)
Will     +....                  (boots unavailable)
Stlth    ..........             F - amulet of regeneration
HPRegen  5.32/turn              K - ring of poison resistance
MPRegen  0.14/turn              u - +4 ring of protection

@: heavily drained
A: large, unfitting armour, claws 3, clumsy 1, regeneration 1, screaming 2,
shaggy fur 1, tough skin 1, no stealth, inability to train dodging, inability to
train armour, disrupted magic 1, missing an eye
a: Renounce Religion, Draw Out Power, Power Leap, Apocalypse


You were on level 1 of the Orcish Mines.
You worshipped Ru.
Ru was exalted by your worship.
You visited 4 branches of the dungeon, and saw 21 of its levels.

You collected 1408 gold pieces.
You spent 49 gold pieces at shops.

Inventory:

Missiles
 w - 2 throwing nets (quivered)
 L - 8 large rocks
Armour
 v - a +2 kite shield (worn)
 x - a +0 cloak (worn)
 y - the +2 robe of Vines (worn) {NoPotionHeal Regen+++}
   (You found it on level 7 of the Dungeon)

   Its wearer cannot be healed by potions.
   Regen:     It increases your rate of health regeneration.
Jewellery
 l - a ring of willpower
 u - a +4 ring of protection (right claw)
 z - a ring of willpower
 C - a ring of protection from cold
 F - an amulet of regeneration (around neck)
 H - a ring of protection from cold
 I - a ring of fire
 K - a ring of poison resistance (left claw)
Wands
 a - a wand of polymorph (17)
 j - a wand of iceblast (14)
 o - a wand of digging (4)
 q - a wand of flame (59)
 A - a wand of paralysis (23)
 G - a wand of mindburst (36)
Scrolls
 b - 7 scrolls of teleportation
 h - 3 scrolls of identify
 m - 3 scrolls of fog
 p - 3 scrolls of enchant armour
 r - 5 scrolls of fear
 E - 2 scrolls of amnesia
 J - 4 scrolls of holy word {unknown}
Potions
 c - 11 potions of curing
 d - 4 potions of might
 e - 6 potions of heal wounds
 f - 3 potions of flight {unknown}
 g - 2 potions of cancellation
 i - a potion of berserk rage {unknown}
 k - a potion of mutation {unknown}
 n - 5 potions of attraction
 s - 3 potions of brilliance {unknown}
 t - 6 potions of lignification {unknown}
 B - 2 potions of haste {unknown}
 D - a potion of invisibility {unknown}


   Skills:
 * Level 12.7 Fighting
 - Level 9.0 Shields
 + Level 16.5 Unarmed Combat
 + Level 5.4 Transmutations
 + Level 6.4 Earth Magic


You had 8 spell levels left.
You knew the following spells:

 Your Spells              Type           Power      Damage    Failure   Level
a - Statue Form           Tmut/Erth      4%         N/A       100%        6

Your spell library contained the following spells:

 Spells                   Type           Power      Damage    Failure   Level
 Passwall                 Tmut/Erth      5%         N/A       11%         2
 Animate Skeleton         Necr           0%         N/A       54%         1
 Apportation              Tloc           0%         N/A       54%         1
 Corona                   Hex            0%         N/A       54%         1
 Magic Dart               Conj           0%         1d3       54%         1
 Summon Small Mammal      Summ           0%         N/A       54%         1
 Call Imp                 Summ           0%         N/A       67%         2
 Searing Ray              Conj           0%         3d3       67%         2
 Animate Armour           Summ/Erth      6%         N/A       86%         4
 Leda's Liquefaction      Hex/Erth       1%         N/A       86%         4
 Mephitic Cloud           Conj/Pois/Air  0%         N/A       88%         3
 Swiftness                Air            0%         N/A       88%         3
 Blade Hands              Tmut           3%         N/A       88%         5
 Animate Dead             Necr           0%         N/A       99%         4
 Fulminant Prism          Conj/Hex       0%         3d6       99%         4
 Borgnjor's Vile Clutch   Necr/Erth      1%         N/A       99%         5
 Irradiate                Conj/Tmut      1%         3d13      99%         5
 Bolt of Magma            Conj/Fire/Erth 1%         4d4       100%        5
 Death Channel            Necr           0%         N/A       100%        6
 Invisibility             Hex            0%         N/A       100%        6
 Iron Shot                Conj/Erth      1%         9d1       100%        6
 Dragon Form              Tmut           3%         N/A       100%        7


Dungeon Overview and Level Annotations

Branches:
Dungeon (12/15)            Temple (1/1) D:4            Lair (6/6) D:10
  Swamp (0/4) Lair:3        Snake (0/4) Lair:3        Slime (0/5) Lair:6
    Orc (2/2) D:11
    Elf: Orc:2

Altars:
Ashenzari
Cheibriados
Dithmenos
Elyvilon
Fedhas
Gozag
Makhleb
Nemelex Xobeh
Okawaru
Qazlal
Ru
Sif Muna
Trog
Uskayaw
Vehumet
Wu Jian
Xom
Yredelemnul
Zin
The Shining One
Jiyva
Lugonu

Shops:
D:3 [*   D:7 =

Portals:
Abyss: Lair:6

Annotations:
D:9 1 runed translucent door, amoeba's ghost, novice MiFi
Lair:5 3 runed translucent doors, ocehb's ghost, journeyman MfIE


Innate Abilities, Weirdness & Mutations

You are too large for most types of armour.
You have claws for hands.
You are clumsy. (Dex -2)
Your natural rate of healing is unusually fast.
You frequently scream uncontrollably at your foes.
You are covered in fur. (AC +1)
You have tough skin. (AC +1)
You cannot be stealthy.
You cannot train Dodging skill.
You cannot train Armour skill.
Your casting is slightly disrupted.
You are missing an eye, making it more difficult to aim.


Message History

The orc warlord is lightly wounded.
The orc warlord hits you with a +0 great mace!!
You catch the helpless orc warlord completely off-guard!
You mangle the orc warlord!!
The orc warlord is heavily wounded.
The orc warlord is no longer blind.
The orc warlord barely misses you.
Aiming: Power Leap
Press: ? - help, Dir - move target
Okay, then.
You barely miss the orc warlord.
The orc warlord is heavily wounded.
You claw the orc warlord!
The orc warlord is heavily wounded.
The orc warlord hits you with a +0 great mace!
You barely miss the orc warlord.
The orc warlord is heavily wounded.
The orc warlord is stunned by your conviction and fails to attack.
You barely miss the orc warlord.
The orc warlord is heavily wounded.
The orc warlord no longer looks unusually strong.
You claw the orc warlord!
The orc warlord is severely wounded.
You block the orc warlord's attack.
You claw the orc warlord!
The orc warlord is severely wounded.
The orc warlord hits you with a +0 great mace!!
You closely miss the orc warlord.
The orc warlord is severely wounded.
The orc warlord roars a battlecry!
The orc warlord goes into a battle-frenzy!
You scratch the orc warlord.
The orc warlord is almost dead.
You block the orc warlord's attack.
You barely miss the orc warlord.
The orc warlord is almost dead.
The orc warlord hits you with a +0 great mace!!!
* * * LOW HITPOINT WARNING * * *
You focus your inner power and illuminate the orc warlord in retribution!
The orc warlord hits you with a +0 great mace!!!
You die...

##.#...............#
##..................#
##..............#.....
#...#............##..#
##.##..........).## ##
#........)#...#...# ####
#..........#)#...## #....
##..#....[[.#oo.## ##.....o.
#........[[.#@## #...#####
##.......)[[...#####..##...#
#.......[><[..).#..8..#.....
##.......)[[...#).....#.....
#........#............#.....
##..........#.........#.....
#.......#.#.......8..#.....
##.##............##.o##...#
###......#.......#...# ###


You could see 2 orc warlords.

Vanquished Creatures
  Nessos (Lair:5)
  Harold (D:7)
  2 boulder beetles (D:12)
  9 hydras
  4 two-headed ogres
  18 death yaks
  3 thrashing horrors (Lair:6)
  A sea snake (shapeshifter) (Lair:6)
  Pikel (D:7)
  2 ugly things
  2 manticores
  2 cyclopes (D:11)
  3 black mambas
  13 elephants
  2 smoke demons (Lair:6)
  9 cane toads
  A large abomination (Lair:6)
  Psyche (D:8)
  8 komodo dragons
  2 kobold demonologists (D:11)
  5 rime drakes (Lair:6)
  2 ancient zymes (Lair:6)
  5 trolls
  Grinder (D:4)
  3 polar bears
  9 slime creatures (D:12)
  4 dream sheep (Lair:4)
  33 blink frogs
  Sigmund (D:4)
  2 shadows
  3 wraiths
  A ynoxinul (Lair:6)
  49 yaks
  8 basilisks
  9 wyverns (Lair:6)
  A steam dragon (D:9)
  4 vampire mosquitoes (D:11)
  5 swamp worms (Lair:3)
  4 chaos spawn (Lair:6)
  Menkaure (D:7)
  10 water moccasins
  2 acid dragons
  Duvessa (D:4)
  An ice beast (D:8)
  13 orc warriors
  2 sky beasts
  A black bear (D:4)
  4 necrophages
  5 ogres
  6 wolves (Lair:3)
  4 centaurs
  A phantom (D:5)
  4 lemures
  5 kobold brigands
  11 bullfrogs
  A scorpion (D:4)
  2 wyvern zombies
  A gnoll sergeant (D:11)
  11 small abominations (Lair:6)
  Dowan (D:4)
  2 water moccasin skeletons (D:4)
  6 killer bees (D:11)
  4 wights (D:7)
  6 electric eels
  5 howler monkeys
  2 centaur zombies
  2 hounds
  4 jellies
  10 orc priests
  4 iguanas
  9 orc wizards
  A scorpion zombie (D:5)
  Ijyb (D:4)
  7 hell rats (Lair:6)
  A killer bee zombie (D:9)
  2 hound skeletons
  7 gnolls
  A howler monkey skeleton (D:4)
  9 adders
  A shadow imp (D:8)
  A white imp (D:5)
  2 ufetubi
  2 adder skeletons (D:4)
  A worm (D:3)
  2 dart slugs
  56 orcs
  6 ball pythons
  4 endoplasms
  16 giant cockroaches
  7 goblins
  6 hobgoblins
  3 jackals (D:1)
  4 quokkas
  7 bats
  A frilled lizard (D:2)
  21 kobolds
  6 rats
  A bush (Lair:6)
551 creatures vanquished.

Vanquished Creatures (others)
  A blink frog (Lair:6)
  A centaur skeleton (D:4)
  2 orcs
  4 bushes (Lair:6)
  41 fungi
  51 plants
100 creatures vanquished.

Grand Total: 651 creatures vanquished

Notes
Turn   | Place    | Note
-------+----------+-------------------------------------------
     0 | D:1      | sking99 the Troll Monk began the quest for the Orb.
     0 | D:1      | Reached XP level 1. HP: 22/22 MP: 0/0
    88 | D:1      | Reached XP level 2. HP: 25/29 MP: 1/1
   288 | D:1      | Found a faded altar of an unknown god.
   511 | D:2      | Reached XP level 3. HP: 35/36 MP: 2/2
   678 | D:2      | Reached skill level 4 in Unarmed Combat
   755 | D:2      | Reached XP level 4. HP: 45/45 MP: 3/3
  1035 | D:3      | Found a shadowy altar of Dithmenos.
  1072 | D:3      | Found Qiex's Assorted Antiques.
  1117 | D:3      | Found Dyat's Armour Emporium.
  1127 | D:3      | Bought a +0 kite shield for 49 gold pieces
  1493 | D:3      | Found a broken altar of Ashenzari.
  1643 | D:4      | Noticed an ogre
  1744 | D:4      | Reached XP level 5. HP: 29/53 MP: 4/4
  1766 | D:4      | Found a staircase to the Ecumenical Temple.
  1776 | Temple   | Entered the Ecumenical Temple
  1828 | Temple   | Became a worshipper of Ru the Awakened
  1836 | Temple   | Gained mutation: You cannot train Dodging skill. [Ru
                  | sacrifice]
  1836 | Temple   | Reached * piety under Ru
  1877 | D:4      | Reached skill level 1 in Shields
  1925 | D:4      | Killed an ogre
  1926 | D:4      | Reached skill level 5 in Unarmed Combat
  1926 | D:4      | Reached XP level 6. HP: 59/61 MP: 5/5
  2091 | D:4      | Noticed Duvessa
  2092 | D:4      | Noticed Dowan
  2495 | D:4      | Killed Duvessa
  2496 | D:4      | Reached skill level 6 in Unarmed Combat
  2496 | D:4      | Reached XP level 7. HP: 43/68 MP: 6/6
  2502 | D:4      | Killed Dowan
  2618 | D:4      | Noticed Grinder
  2645 | D:4      | Killed Grinder
  2712 | D:4      | Noticed Ijyb
  2722 | D:4      | Killed Ijyb
  2730 | D:4      | Noticed Sigmund
  2734 | D:4      | Killed Sigmund
  2735 | D:4      | Reached skill level 7 in Unarmed Combat
  2735 | D:4      | Reached XP level 8. HP: 79/79 MP: 7/7
  2929 | D:5      | Entered Level 5 of the Dungeon
  3018 | D:5      | Found a glowing silver altar of Zin.
  3125 | D:5      | Reached skill level 5 in Fighting
  3125 | D:5      | Reached skill level 8 in Unarmed Combat
  3421 | D:5      | Found a shimmering blue altar of Sif Muna.
  3781 | D:6      | Reached XP level 9. HP: 26/88 MP: 8/8
  3859 | D:6      | Identified the +7 falchion "Killer Klown's Foe" {vamp,
                  | rCorr}
  3982 | D:6      | Reached skill level 9 in Unarmed Combat
  4246 | D:6      | Gained mutation: You are missing an eye, making it more
                  | difficult to aim. [Ru sacrifice]
  4246 | D:6      | Reached ** piety under Ru
  4476 | D:7      | Noticed Menkaure
  4718 | D:7      | Found Nofan's Jewellery Shop.
  4727 | D:7      | Reached skill level 5 in Shields
  4863 | D:7      | Killed Menkaure
  4864 | D:7      | Reached skill level 10 in Unarmed Combat
  4868 | D:7      | Noticed Harold
  4887 | D:7      | Killed Harold
  4995 | D:7      | Noticed a seven-headed hydra
  5037 | D:7      | Noticed Pikel
  5037 | D:7      | Noticed a troll
  5231 | D:7      | Reached XP level 10. HP: 99/100 MP: 9/9
  5311 | D:7      | Killed a seven-headed hydra
  5314 | D:7      | Killed Pikel
  5315 | D:7      | Reached skill level 11 in Unarmed Combat
  5408 | D:7      | Found the +2 robe of Vines {NoPotionHeal Regen+++}
  5518 | D:7      | Found an ornate altar of the Wu Jian Council.
  5634 | D:8      | Noticed Psyche
  5658 | D:8      | Killed Psyche
  6135 | D:8      | Found a stormy altar of Qazlal.
  6155 | D:9      | Noticed a two-headed ogre
  6155 | D:9      | Noticed a two-headed ogre
  6280 | D:9      | Reached skill level 12 in Unarmed Combat
  6296 | D:9      | Killed a two-headed ogre
  6297 | D:9      | Reached XP level 11. HP: 88/109 MP: 10/10
  6307 | D:9      | Killed a two-headed ogre
  6386 | D:9      | Gained mutation: You cannot train Armour skill. [Ru
                  | sacrifice]
  6386 | D:9      | Reached *** piety under Ru
  6386 | D:9      | Reached **** piety under Ru
  6446 | D:9      | Noticed a two-headed ogre
  6454 | D:9      | Killed a two-headed ogre
  6632 | D:9      | Found a runed translucent door.
  6633 | D:9      | Noticed amoeba's ghost (novice MiFi)
  6891 | D:10     | Entered Level 10 of the Dungeon
  7000 | D:10     | Found a staircase to the Lair.
  7239 | D:10     | Found a white marble altar of Elyvilon.
  7388 | Lair:1   | Entered Level 1 of the Lair of Beasts
  7437 | Lair:1   | Reached skill level 13 in Unarmed Combat
  8273 | Lair:2   | Found a gate leading to a gauntlet.
  8485 | Lair:2   | Gained mutation: You are clumsy. (Dex -2) [Ru sacrifice]
  8485 | Lair:2   | Reached ***** piety under Ru
  8504 | Lair:2   | Reached XP level 12. HP: 122/122 MP: 11/11
  8563 | Lair:2   | Noticed a five-headed hydra
  8570 | Lair:2   | Killed a seven-headed hydra
  8571 | Lair:2   | Reached skill level 14 in Unarmed Combat
  9327 | Lair:3   | Noticed a five-headed hydra
  9333 | Lair:3   | Killed a seven-headed hydra
  9516 | Lair:3   | Learned a level 6 spell: Statue Form
  9522 | Lair:3   | Found a staircase to the Snake Pit.
  9624 | Lair:3   | Found a staircase to the Swamp.
  9828 | Lair:3   | Reached skill level 15 in Unarmed Combat
 10234 | Lair:4   | Gained mutation: You cannot be stealthy. [Ru sacrifice]
 10236 | Lair:4   | Noticed a seven-headed hydra
 10245 | Lair:4   | Killed an 11-headed hydra
 10248 | Lair:4   | Noticed a four-headed hydra
 10293 | Lair:4   | Killed a seven-headed hydra
 10415 | Lair:4   | Reached XP level 13. HP: 111/111 MP: 12/12
 10667 | Lair:4   | Reached skill level 10 in Fighting
 10672 | Lair:4   | Reached skill level 1 in Earth Magic
 10676 | Lair:4   | Reached skill level 1 in Transmutations
 10983 | Lair:5   | Found a runed translucent gate.
 10983 | Lair:5   | Found a runed translucent gate.
 10983 | Lair:5   | Found a runed translucent gate.
 10987 | Lair:5   | Noticed ocehb's ghost (journeyman MfIE)
 11029 | Lair:5   | Noticed Nessos
 11034 | Lair:5   | Killed Nessos
 11290 | Lair:5   | Noticed a minotaur
 11569 | Lair:5   | Gained mutation: Your casting is slightly disrupted. [Ru
                  | sacrifice]
 11825 | Lair:6   | Entered Level 6 of the Lair of Beasts
 12389 | Lair:6   | Reached XP level 14. HP: 139/140 MP: 13/13
 12807 | Lair:6   | Reached skill level 16 in Unarmed Combat
 12943 | Lair:6   | Found a viscous altar of Jiyva.
 12944 | Lair:6   | Found a staircase to the Slime Pits.
 13065 | Lair:6   | Reached skill level 5 in Earth Magic
 13731 | Lair:6   | Found a corrupted altar of Lugonu.
 13731 | Lair:6   | Found a one-way gate to the infinite horrors of the Abyss.
 14187 | D:11     | Gained mutation: You occasionally shout uncontrollably at
                  | your foes. [Ru sacrifice]
 14467 | D:11     | Reached skill level 5 in Transmutations
 14502 | D:11     | Identified the +4 ring mail "Leopluoko" {Will+ Int+3}
 14580 | D:11     | Found a staircase to the Orcish Mines.
 14912 | D:12     | Found a white marble altar of Elyvilon.
 15678 | Orc:1    | Entered Level 1 of the Orcish Mines
 15688 | Orc:1    | Reached XP level 15. HP: 151/153 MP: 14/14
 15711 | Orc:1    | Gained mutation: You frequently scream uncontrollably at
                  | your foes. [Ru sacrifice]
 15711 | Orc:1    | Reached ****** piety under Ru
 15831 | Orc:1    | Noticed an orc warlord
 15833 | Orc:1    | Noticed an orc warlord
 16016 | Orc:2    | Entered Level 2 of the Orcish Mines
 16047 | Orc:1    | Slain by an orc warlord

Illustrated notes

Levels and vault maps discovered:
D:1:      dpeg_arrival_connections, layout_rooms, ebering_ecumenical_altar_webs
D:2:      minmay_roachtagon, layout_rooms
D:3:      layout_basic, cheibrodos_ashenzari_chains,
          mainiacjoe_overflow_boulevard, serial_shops, shop, shop
D:4:      layout_gridville, nicolae_overflow_hidden_temple,
          minmay_temple_entry_butterflies, uniq_duvessa, uniq_grinder,
          uniq_sigmund, uniq_ijyb
D:5:      layout_basic, mainiacjoe_overflow_alcove_2,
          mainiacjoe_overflow_concentric_impassable
D:6:      layout_rooms, kennysheep_boxes
D:7:      minmay_klotski, layout_loops_ring, mainiacjoe_overflow_catwalk,
          minmay_shop_enchanted_jewellery, kennysheep_crisscross,
          hellmonk_guarded_unrand_vines, uniq_harold, uniq_pikel, uniq_menkaure,
          uniq_maggie
D:8:      layout_cave_pools, kennysheep_mini, uniq_psyche
D:9:      layout_roguey, ebering_ghost_reflecting_pool,
          chequers_serial_rivers_large_a
D:10:     layout_big_octagon, nicolae_overflow_crystal_walls, lair_entry_dummy,
          chequers_serial_rivers_small_b
D:11:     layout_roguey, orc_0_dummy, eino_jars
D:12:     layout_roguey, elyvilon_altar_4
Temple:   cyrus_circular_temple
Lair:1:   layout_loops_ring, st_stairs_6
Lair:2:   layout_roguey, gauntlet_entry_generic, chequers_serial_rivers_micro_d
Lair:3:   layout_gridlike, nicolae_swamp_entry_splash_gauntlet,
          dummy_snake_entry, chequers_serial_rivers_small_b
Lair:4:   layout_long_grid, minivault_24
Lair:5:   layout_regular_city, maelrawn_ghost_gauntlet_escape, uniq_nessos
Lair:6:   hellmonk_lair_end_abyssal_woods, layout_layer_cave, slime_altar_1,
          special_room [special_room_mythical_zoo]
Orc:1:    cheibrodos_orc_arena, layout_caves, minmay_orc_temple_c,
          uniq_josephine
Orc:2:    st_orc_ogre_mass, layout_caves, nicolae_shop_clearance

Skill      XL: |  1  2  3  4  5  6  7  8  9 10 11 12 13 14 |
---------------+-------------------------------------------+-----
Unarmed Combat | 4 5 6 7 8 10 12 13 15 16 | 16.5
Fighting       | 3 4 5 6 7 8 9 11 12 | 12.7
Dodging        | 3 0 |  0.0
Shields        | 1 2 3 4 5 6 8 9 |  9.0
Stealth        | 0 |  0.0
Earth Magic    | 4 6 |  6.4
Transmutations | 3 5 |  5.4

Action                   |  1- 3 |  4- 6 |  7- 9 | 10-12 | 13-15 || total
-------------------------+-------+-------+-------+-------+-------++-------
Melee: Unarmed           |   101 |   136 |   293 |   684 |  1036 ||  2250
       Punch             |     2 |     2 |       |       |       ||     4
Invok: Sacrifice Nimblen |       |     1 |       |       |       ||     1
       Sacrifice an Eye  |       |       |     1 |       |       ||     1
       Sacrifice Purity  |       |       |       |     1 |     2 ||     3
       Power Leap        |       |       |       |     1 |       ||     1
       Sacrifice Durabil |       |       |       |     1 |       ||     1
       Apocalypse        |       |       |       |     4 |     6 ||    10
       Sacrifice Stealth |       |       |       |     1 |       ||     1
       Sacrifice Essence |       |       |       |       |     1 ||     1
Evoke: Wand              |       |       |       |     8 |       ||     8
  Use: Scroll            |       |     8 |     4 |     4 |     1 ||    17
       Potion            |       |     1 |     1 |     1 |       ||     3
 Stab: Sleeping          |     2 |     2 |       |     2 |       ||     6
       Distracted        |       |       |     1 |     3 |     2 ||     6
       Invisible         |       |       |       |     2 |     6 ||     8
       Paralysed         |       |       |       |     7 |    10 ||    17
       Petrified         |       |       |       |       |     3 ||     3
Armor: Robe              |    37 |    35 |    44 |   153 |   154 ||   423
Dodge: Dodged            |    59 |    41 |    62 |   154 |   187 ||   503
Block: Kite shield       |       |    52 |   130 |   319 |   476 ||   977
